 Dungeon Crawl Stone Soup version 0.24-a0-459-g225fefd530 (webtiles) character file.

Game seed: 845277361439856867

729 Eitelfritz the Spear-Bearer (level 7, -1/53 HPs)
             Began as a Merfolk Gladiator on June 29, 2019.
             Slain by an iguana (9 damage)
             ... on level 5 of the Dungeon.
             The game lasted 00:17:28 (5960 turns).

Eitelfritz the Spear-Bearer (Merfolk Gladiator)     Turns: 5960, Time: 00:17:28

Health: -1/53      AC: 10    Str: 14    XL:     7   Next: 73%
Magic:  7/7        EV: 14    Int: 15    God:
Gold:   149        SH:  0    Dex: 16    Spells: 6/6 levels left

rFire    + . .     SeeInvis .   a - +1 trident
rCold    . . .     Gourm    .   (no shield)
rNeg     . . .     Faith    .   j - +2 ring mail {rF+}
rPois    .         Spirit   .   c - +1 helmet
rElec    .         Reflect  .   (no cloak)
rCorr    +         Harm     .   i - +0 pair of gloves
MR       .....                  (no boots)
Stlth    +.........             r - amulet of inaccuracy (curse)
HPRegen  0.17/turn              n - ring of resist corrosion
MPRegen  0.10/turn              s - +6 ring of intelligence

@: no status effects
A: change form in water, swift swim, stealthy swim
a: no special abilities


You were on level 5 of the Dungeon.
You were hungry.

You visited 1 branch of the dungeon, and saw 5 of its levels.

You collected 149 gold pieces.

Inventory:

Hand Weapons
 a - a +1 trident (weapon)
 b - a +0 halberd
 x - a +0 shortbow
Missiles
 d - 3 throwing nets (quivered)
 o - 21 poisoned darts
 y - 22 arrows
Armour
 c - a +1 helmet (worn)
 g - a +0 scale mail
 i - a +0 pair of gloves (worn)
 j - a +2 ring mail of fire resistance (worn)
 p - a +0 leather armour
Jewellery
 n - a ring of resist corrosion (left hand)
 r - a cursed amulet of inaccuracy (around neck)
 s - a +6 ring of intelligence (right hand)
 u - an uncursed amulet of guardian spirit {unknown}
 v - an uncursed amulet of the gourmand {unknown}
Scrolls
 e - 2 scrolls of teleportation
 l - 3 scrolls of fear
 t - 4 scrolls of identify
 w - 2 scrolls of enchant weapon
Potions
 k - a potion of lignification
 q - 3 potions of brilliance
Comestibles
 f - 4 rations


   Skills:
 + Level 3.6 Fighting
 + Level 9.3 Polearms
 + Level 2.0 Throwing
 + Level 2.6 Armour
 + Level 5.7 Dodging
 + Level 1.4 Stealth


You had 6 spell levels left.
You didn't know any spells.
Your spell library was empty.

Dungeon Overview and Level Annotations

Branches:
Dungeon (5/15)
 Temple: D:4-7

Altars:
Qazlal
Trog
Vehumet
Zin

Annotations:
D:4 Sigmund


Message History

The iguana is in the way.
You puncture the iguana!
The iguana is heavily wounded.
The gnoll barely misses you. The gnoll closely misses you.
The iguana bites you.
* * * LOW HITPOINT WARNING * * *
You hit the iguana but do no damage.
The iguana is heavily wounded.
Attack whom?
Press: ? - help, Dir - move target cursor, f - gnoll, p - gnoll
Aim: a gnoll, wielding a +2 spear of piercing You reach to attack!
You miss the gnoll.
The iguana bites you but does no damage.
The gnoll barely misses you.
Attack whom?
Press: ? - help, Dir - move target cursor, f/p - gnoll
Aim: a gnoll, wielding a +2 spear of piercing The iguana is in the way.
You hit the iguana.
The iguana is almost dead.
The iguana bites you!
You die...

#. #. #%#.#
#..#.##.#.###.#
.......<.......
...........=...
#..#.##.###...#
.......g.......
#....##g###...#
#... #l# .# ...
#@# #.......#
#..#.##.# ..
... #.. ... ..
..... # .....
#######


You could see an iguana and 2 gnolls.

Vanquished Creatures
  Edmund (D:4)
  A centaur (D:4)
  A vampire bat (D:3)
  2 orc priests
  A centaur skeleton (D:4)
  Jessica (D:2)
  3 orc wizards
  4 gnolls
  7 adders
  An ooze (D:2)
  4 worms
  3 dart slugs
  3 fire bats (D:3)
  4 leopard geckos
  13 orcs
  2 spectral bats (D:3)
  3 ball pythons
  3 bat skeletons (D:3)
  8 goblins
  8 hobgoblins
  4 jackals (D:1)
  A quokka (D:2)
  15 bats
  A bat simulacrum (D:3)
  4 frilled lizards
  11 kobolds
  A leopard gecko skeleton (D:4)
  8 rats
118 creatures vanquished.

Vanquished Creatures (others)
  A bat zombie (D:3)
1 creature vanquished.

Grand Total: 119 creatures vanquished

Notes
Turn   | Place    | Note
-------+----------+-------------------------------------------
     0 | D:1      | Eitelfritz the Merfolk Gladiator began the quest for the
                  | Orb.
     0 | D:1      | Reached XP level 1. HP: 16/16 MP: 1/1
   296 | D:1      | Reached XP level 2. HP: 22/22 MP: 2/2
   300 | D:1      | Reached skill level 5 in Polearms
   635 | D:1      | Reached XP level 3. HP: 28/28 MP: 3/3
  1503 | D:2      | Reached skill level 6 in Polearms
  1503 | D:2      | Reached XP level 4. HP: 34/34 MP: 4/4
  1622 | D:2      | Reached skill level 1 in Stealth
  1710 | D:2      | Found a stormy altar of Qazlal.
  1862 | D:2      | Noticed Jessica
  1869 | D:2      | Killed Jessica
  1869 | D:2      | Reached XP level 5. HP: 32/39 MP: 5/5
  2685 | D:3      | Reached skill level 1 in Armour
  2703 | D:3      | Reached skill level 7 in Polearms
  2980 | D:3      | Found a faded altar of an unknown god.
  2980 | D:3      | Found a glowing silver altar of Zin.
  3021 | D:3      | Found a faded altar of an unknown god.
  3023 | D:3      | Found a radiant altar of Vehumet.
  3025 | D:3      | Found a bloodstained altar of Trog.
  3880 | D:2      | Reached XP level 6. HP: 47/47 MP: 6/6
  4135 | D:3      | Reached skill level 5 in Dodging
  4483 | D:3      | Reached skill level 8 in Polearms
  5104 | D:4      | Reached XP level 7. HP: 42/52 MP: 7/7
  5204 | D:4      | Noticed Edmund
  5230 | D:4      | Killed Edmund
  5230 | D:4      | Reached skill level 9 in Polearms
  5877 | D:4      | Noticed Sigmund
  5921 | D:5      | Entered Level 5 of the Dungeon
  5960 | D:5      | Slain by an iguana

Levels and vault maps discovered:
D:1:      minmay_arrival_pointy, layout_loops_corners
D:2:      layout_basic, nicolae_qazlal_eye_of_the_storm, first_ration,
          uniq_jessica
D:3:      layout_rooms, chequers_temple_overflow_minitemple,
          ebering_dispersal_statue_hall, goddamned_bats
D:4:      layout_basic, uniq_sigmund, uniq_edmund
D:5:      layout_basic, lemuel_crystal_altar, gammafunk_ghost_smash

Skill      XL: |  1  2  3  4  5  6  7 |
---------------+----------------------+-----
Polearms       | 5 6 7 8 9 |  9.3
Stealth        | 1 |  1.4
Armour         | 1 2 |  2.6
Fighting       | 3 |  3.6
Dodging        | 5 |  5.7
Throwing       | |  2.0

Action                   |  1- 3 |  4- 6 |  7- 9 || total
-------------------------+-------+-------+-------++-------
Melee: Trident           |   110 |   464 |   103 ||   677
       Halberd           |       |    38 |       ||    38
  Use: Scroll            |       |     8 |     2 ||    10
       Potion            |       |     2 |     1 ||     3
 Stab: Sleeping          |     3 |       |       ||     3
  Eat: Chunk             |     2 |     9 |     2 ||    13
       Ration            |       |     1 |       ||     1
Armor: Leather armour    |    16 |       |       ||    16
       Scale mail        |     4 |    85 |       ||    89
       Ring mail         |       |   153 |    31 ||   184
Dodge: Dodged            |    75 |   340 |    79 ||   494

Table legend:
 A = Non-vault XP
 B = Vault XP
 C = Vault XP percentage of total XP
 D = Non-vault monster count
 E = Vault monster count
 F = Vault count percentage of total count
                 A         B        C        D         E       F
            +---------+---------+-------+---------+---------+-------
      Total |     665 |     377 |  36.2 |      97 |      22 |  18.5
            +---------+---------+-------+---------+---------+-------
        D:1 |      34 |       0 |   0.0 |      22 |       0 |   0.0
        D:2 |     144 |      37 |  20.4 |      32 |       1 |   3.0
        D:3 |     206 |     174 |  45.8 |      31 |      20 |  39.2
        D:4 |     253 |     166 |  39.6 |      10 |       1 |   9.1
        D:5 |      28 |       0 |   0.0 |       2 |       0 |   0.0
            +---------+---------+-------+---------+---------+-------
